[Event "Titled Tuesday Blitz August 08 Late 2023"]
[White "Domingo Nunez, Alejandro"]
[Black "dorpato"]
[WhiteFideId "22245561"]
[WhiteElo "2517"]
[BlackElo "2047"]
[Result "1-0"]
[Round "1"]
[TimeControl "180+1"]
[Date "2023.08.08"]
[WhiteClock "0:00:53"]
[BlackClock "0:00:20"]
[Board "188"]

1. Nf3 c5 2. g3 d6 3. Bg2 g6 4. O-O Bg7 5. c4 Nf6 6. d4 cxd4 7. Nxd4 O-O 8. b3 Nbd7 9. Bb2 Nc5 10. Nc3 Rb8 11. Qd2 Nfd7 12. Rfd1 Ne5 13. h3 Bd7 14. Rac1 a6 15. Qe3 Re8 16. Nd5 Bc6 17. f4 Bxd5 18. cxd5 Ned7 19. b4 Na4 20. Ba1 Nab6 21. Qb3 Nf6 22. e4 Kh8 23. Kh2 Ng8 24. a4 Nd7 25. h4 Ndf6 26. Qf3 Nh6 27. Bh3 Nfg8 28. g4 e5 29. dxe6 fxe6 30. g5 e5 31. gxh6 Bxh6 32. Ne6 Rxe6 33. Bxe6 Bxf4+ 34. Qxf4 Nf6 35. Bxe5 dxe5 36. Rxd8+ Rxd8 37. Qxf6# 1-0


[Site "https://www.chess.com"]

[Event "Titled Tuesday Blitz August 08 Late 2023"]
[White "Gyulamiryan-koryun"]
[Black "Shubenkova, Veronika"]
[BlackFideId "44124040"]
[WhiteElo "2044"]
[BlackElo "2516"]
[Result "1-0"]
[Round "1"]
[TimeControl "180+1"]
[Date "2023.08.08"]
[WhiteClock "0:00:22"]
[BlackClock "0:01:38"]
[Board "189"]

1. e4 e6 2. d4 d5 3. Nd2 Nf6 4. e5 Nfd7 5. Bd3 c5 6. c3 Nc6 7. Ne2 a6 8. O-O b5 9. a3 Qb6 10. Nf3 Bb7 11. b4 c4 12. Bc2 a5 13. Bd2 Be7 14. h3 h6 15. Nh2 Kd8 16. f4 g6 17. Ng4 h5 18. Ne3 Kc7 19. Qb1 axb4 20. axb4 Rxa1 21. Qxa1 Ra8 22. Qb2 Qa6 23. f5 gxf5 24. Bxf5 exf5 25. Nxd5+ Kd8 26. Rxf5 Nxd4 27. Nxe7 Nxe2+ 28. Kh2 Kxe7 29. Bg5+ Ke8 30. Qxe2 Nf8 31. Bf6 Qa2 32. Qf1 Qd2 33. Bg5 Ra2 34. Bxd2 Rxd2 35. Rg5 Ne6 36. Rg8+ Ke7 37. Qf6+ Kd7 38. Qxf7+ Kc6 39. Qxe6+ Kc7 40. Rg7+ Kb8 41. Qe8+ Ka7 42. Qe7 1-0


[Site "https://www.chess.com"]

[Event "Titled Tuesday Blitz August 08 Late 2023"]
[White "Mekhane, Adam"]
[Black "Blackwhite017"]
[WhiteFideId "36050601"]
[WhiteElo "2514"]
[BlackElo "2029"]
[Result "1-0"]
[Round "1"]
[TimeControl "180+1"]
[Date "2023.08.08"]
[WhiteClock "0:00:28"]
[BlackClock "0:00:00"]
[Board "190"]

1. e4 c5 2. Nf3 d6 3. d4 cxd4 4. Qxd4 Nc6 5. Bb5 Bd7 6. Bxc6 Bxc6 7. Nc3 Nf6 8. Bg5 h6 9. Bxf6 gxf6 10. O-O-O Qb6 11. Qxb6 axb6 12. a3 e6 13. Nd4 Be7 14. Rd3 Ra5 15. Rhd1 Bd7 16. Nb3 Rg5 17. g3 1-0


[Site "https://www.chess.com"]

[Event "Titled Tuesday Blitz August 08 Late 2023"]
[White "laskakid"]
[Black "Dragomirescu, Robin-Alexandru"]
[BlackFideId "1213849"]
[WhiteElo "2023"]
[BlackElo "2512"]
[Result "0-1"]
[Round "1"]
[TimeControl "180+1"]
[Date "2023.08.08"]
[WhiteClock "0:00:00"]
[BlackClock "0:00:20"]
[Board "191"]

1. e4 g6 2. d4 Nf6 3. e5 Nh5 4. Be2 d6 5. Bxh5 gxh5 6. Qxh5 dxe5 7. dxe5 Qd5 8. Nf3 Qe4+ 9. Be3 Qxc2 10. O-O Qg6 11. Qh4 Rg8 12. g3 Qg4 13. Nbd2 Qxh4 14. Nxh4 Nc6 15. Rac1 Bh3 16. Rfd1 O-O-O 17. a3 Kb8 18. b4 Nxe5 19. Bf4 Bg7 20. Rc5 f6 21. Re1 b6 22. Rc3 Rd7 23. Rec1 Rgd8 24. Ng2 Rxd2 25. Bxd2 Rxd2 26. Rxc7 Nf3+ 27. Kf1 Nxh2+ 28. Ke1 Nf3+ 29. Kf1 Bf8 30. b5 Rd5 31. a4 Nd2+ 32. Kg1 Nb3 33. R1c3 Nc5 34. Rc6 Bxg2 35. Kxg2 Kb7 36. Kf3 a6 37. g4 h5 38. gxh5 Rxh5 39. Kg4 Rg5+ 40. Kf4 Re5 0-1


[Site "https://www.chess.com"]

[Event "Titled Tuesday Blitz August 08 Late 2023"]
[White "Hnydiuk, Aleksander"]
[Black "Osiecki, Stanislaw"]
[WhiteFideId "1109057"]
[BlackFideId "1102990"]
[WhiteElo "2511"]
[BlackElo "2007"]
[Result "1-0"]
[Round "1"]
[TimeControl "180+1"]
[Date "2023.08.08"]
[WhiteClock "0:00:40"]
[BlackClock "0:01:11"]
[Board "192"]

1. e4 e6 2. d4 d5 3. e5 c5 4. c3 Nc6 5. Nf3 Qb6 6. Bd3 cxd4 7. O-O dxc3 8. Nxc3 a6 9. Re1 Nge7 10. h4 h6 11. h5 Nb4 12. Bf1 Bd7 13. a3 Nbc6 14. b4 Rc8 15. Na4 Qc7 16. Bf4 Na7 17. Nc5 Bb5 18. Rc1 Nec6 19. Bd3 Bxd3 20. Qxd3 Bxc5 21. Rxc5 O-O 22. Qd2 f5 23. exf6 Qf7 24. fxg7 Qxf4 25. gxf8=Q+ Qxf8 26. Rxe6 1-0


[Site "https://www.chess.com"]

[Event "Titled Tuesday Blitz August 08 Late 2023"]
[White "Dmitriev, Sergey"]
[Black "Willy, Stephen"]
[WhiteFideId "14101785"]
[BlackFideId "30981468"]
[WhiteElo "1985"]
[BlackElo "2511"]
[Result "0-1"]
[Round "1"]
[TimeControl "180+1"]
[Date "2023.08.08"]
[WhiteClock "0:01:54"]
[BlackClock "0:01:49"]
[Board "193"]

1. e4 d5 2. e5 c5 3. d3 Nc6 4. Nf3 Bg4 5. Be2 Bxf3 6. Bxf3 Nxe5 7. Be2 Nf6 8. O-O e6 9. Bf4 Bd6 10. Re1 O-O 11. Nc3 Nf3+ 12. Bxf3 Bxf4 13. g3 Bd6 14. Bg2 a6 15. Qd2 b5 16. Ne2 Rb8 17. c3 a5 18. d4 c4 19. f4 b4 20. Rab1 a4 21. Qc2 Qa5 22. Ra1 a3 23. bxa3 bxc3 24. Qxc3 Qxa3 25. Qxa3 Bxa3 26. Reb1 Bb2 0-1


[Site "https://www.chess.com"]

[Event "Titled Tuesday Blitz August 08 Late 2023"]
[White "Mattheii"]
[Black "Upper, John"]
[BlackFideId "2606437"]
[WhiteElo "2508"]
[BlackElo "1957"]
[Result "1-0"]
[Round "1"]
[TimeControl "180+1"]
[Date "2023.08.08"]
[WhiteClock "0:01:59"]
[BlackClock "0:01:54"]
[Board "194"]

1. d4 Nf6 2. c4 e6 3. Nc3 Bb4 4. Nf3 d5 5. Bg5 h6 6. Bxf6 Qxf6 7. e3 O-O 8. Rc1 b6 9. cxd5 exd5 10. Bd3 Bf5 11. O-O c6 12. Ne5 Bxd3 13. Qxd3 Nd7 14. Nxd7 1-0


[Site "https://www.chess.com"]

[Event "Titled Tuesday Blitz August 08 Late 2023"]
[White "Naroditsky, Daniel"]
[Black "Begmuratov, Alisher"]
[WhiteFideId "2026961"]
[BlackFideId "14203367"]
[WhiteElo "3210"]
[BlackElo "2639"]
[Result "0-1"]
[Round "2"]
[TimeControl "180+1"]
[Date "2023.08.08"]
[WhiteClock "0:00:02"]
[BlackClock "0:00:06"]
[Board "1"]

1. d4 Nf6 2. Nc3 d5 3. Bf4 c5 4. e4 Nxe4 5. Nxe4 dxe4 6. dxc5 Qa5+ 7. c3 Qxc5 8. Qa4+ Nc6 9. Qxe4 g6 10. Nf3 Bf5 11. Qa4 Bg7 12. Rd1 O-O 13. Be2 e5 14. Be3 Qe7 15. O-O Rfd8 16. h3 h6 17. Rfe1 a6 18. Bb6 Rxd1 19. Rxd1 Be6 20. Bc4 e4 21. Nd2 f5 22. Bxe6+ Qxe6 23. Qc4 Kf7 24. Kf1 g5 25. g4 Ne5 26. Qc7+ Kg8 27. Qxb7 Rf8 28. gxf5 Qxf5 29. Qxe4 Qxh3+ 30. Kg1 Rf4 31. Qd5+ Kh8 32. f3 Qg3+ 33. Kf1 Qh3+ 34. Ke2 Qh2+ 35. Ke3 Rf8 36. Bc7 Re8 37. Ne4 Qf4+ 38. Ke2 Qxf3+ 39. Kd2 Ng4 40. Re1 h5 41. Qc6 Nf6 42. Nxf6 Qxc6 43. Rxe8+ Bf8 44. Be5 Kg7 45. Nd7+ Kf7 46. Rxf8+ Ke7 47. Bf6+ Kxd7 48. Ke3 Qc5+ 49. Ke4 Qxf8 0-1


[Site "https://www.chess.com"]

[Event "Titled Tuesday Blitz August 08 Late 2023"]
[White "Goltsev, Dmitry"]
[Black "Vachier-Lagrave, Maxime"]
[WhiteFideId "24176710"]
[BlackFideId "623539"]
[WhiteElo "2638"]
[BlackElo "3168"]
[Result "0-1"]
[Round "2"]
[TimeControl "180+1"]
[Date "2023.08.08"]
[WhiteClock "0:00:31"]
[BlackClock "0:01:33"]
[Board "2"]

1. e4 e5 2. Nf3 Nc6 3. Bb5 a6 4. Ba4 Nf6 5. O-O Be7 6. Re1 b5 7. Bb3 d6 8. c3 O-O 9. h3 Nb8 10. d4 Nbd7 11. Nbd2 Re8 12. Ng5 Rf8 13. Ngf3 Bb7 14. d5 c6 15. dxc6 Bxc6 16. Bc2 Nc5 17. b4 Ne6 18. Nf1 Qc7 19. Ng3 Rfd8 20. Nf5 Bf8 21. Qe2 Rac8 22. Bd2 Bb7 23. a4 bxa4 24. Rxa4 g6 25. Ng3 Nf4 26. Qf1 Bh6 27. Ra3 d5 28. exd5 Bxd5 29. Ne4 Nxe4 30. Bxe4 Bc4 31. Bxf4 exf4 32. Re2 Re8 33. Nd2 f3 34. gxf3 Bxd2 0-1


[Site "https://www.chess.com"]

[Event "Titled Tuesday Blitz August 08 Late 2023"]
[White "Fedoseev, Vladimir"]
[Black "Tsvetkov, Andrey"]
[WhiteFideId "24130737"]
[BlackFideId "34139360"]
[WhiteElo "3096"]
[BlackElo "2634"]
[Result "1-0"]
[Round "2"]
[TimeControl "180+1"]
[Date "2023.08.08"]
[WhiteClock "0:01:36"]
[BlackClock "0:00:53"]
[Board "3"]

1. Nf3 d5 2. g3 c6 3. Bg2 Bg4 4. O-O Nd7 5. d3 Ngf6 6. Nbd2 e5 7. e4 Be7 8. Qe1 O-O 9. exd5 Nxd5 10. Nxe5 Nxe5 11. Qxe5 Nb4 12. Qc3 a5 13. Nc4 Bf6 14. Qd2 Be6 15. a3 Nd5 16. Re1 b5 17. Ne5 Qc7 18. d4 Rfd8 19. c3 c5 20. Qe2 cxd4 21. cxd4 Rab8 22. Bd2 Ne7 23. Rac1 Qa7 24. Be3 Bd5 25. Ng4 Bxd4 26. Bxd4 Qxd4 27. Rcd1 Qc4 28. Qxe7 1-0


[Site "https://www.chess.com"]

[Event "Titled Tuesday Blitz August 08 Late 2023"]
[White "Kleiman, Jake"]
[Black "Firouzja, Alireza"]
[WhiteFideId "2020041"]
[BlackFideId "12573981"]
[WhiteElo "2626"]
[BlackElo "3087"]
[Result "1/2-1/2"]
[Round "2"]
[TimeControl "180+1"]
[Date "2023.08.08"]
[WhiteClock "0:00:14"]
[BlackClock "0:00:05"]
[Board "4"]

1. e4 c5 2. c3 Nf6 3. e5 Nd5 4. Bc4 e6 5. Nf3 d6 6. d4 cxd4 7. cxd4 Bd7 8. O-O Bc6 9. Bxd5 Bxd5 10. Nc3 Bxf3 11. Qxf3 d5 12. Be3 Nc6 13. Rad1 Be7 14. Qe2 O-O 15. f4 f5 16. Rc1 Rc8 17. Qd2 Qa5 18. Rfd1 b5 19. a3 b4 20. axb4 Nxb4 21. Ra1 Qb6 22. Rdc1 Rc4 23. b3 Rc6 24. Na4 Qb5 25. Rxc6 Nxc6 26. Qc3 Bb4 27. Qc2 Rc8 28. Rc1 Ne7 29. Qd1 Rxc1 30. Bxc1 Nc6 31. Bb2 Be7 32. Bc3 Bb4 33. Bb2 Na5 34. Qc2 Qc6 35. Qd3 h6 36. Kf2 a6 37. Ke2 Qb5 38. Qxb5 axb5 39. Nc3 Bxc3 40. Bxc3 Nc6 41. Kd3 Kf7 42. h3 Kg6 43. Be1 Kh5 44. Bf2 g5 45. g3 Nb4+ 46. Kd2 Nc6 47. Kd3 Kg6 48. Kc3 b4+ 49. Kd3 Kh5 50. Kd2 Na5 51. Kc2 Nc6 52. Kd3 gxf4 53. gxf4 Ne7 54. Ke3 Kg6 55. Kd3 Nc6 56. Be1 Kf7 57. Bd2 Ke7 58. Be1 Kd7 59. Bh4 Kc7 60. Bf6 Kb6 61. Bh4 Kb5 62. Be1 Na5 63. Kc2 Nc6 64. Kd3 Ne7 65. Bh4 Ng6 66. Bg3 Ka5 67. Ke3 Kb5 68. Kd3 Nf8 69. Ke3 Nd7 70. Kd3 Nb8 71. Bf2 Nc6 72. Be1 1/2-1/2


[Site "https://www.chess.com"]

[Event "Titled Tuesday Blitz August 08 Late 2023"]
[White "Martinez Alcantara, Jose Eduardo"]
[Black "Erzhanov, Arman"]
[WhiteFideId "3805662"]
[BlackFideId "4138821"]
[WhiteElo "3052"]
[BlackElo "2625"]
[Result "1-0"]
[Round "2"]
[TimeControl "180+1"]
[Date "2023.08.08"]
[WhiteClock "0:01:00"]
[BlackClock "0:00:04"]
[Board "5"]

1. e4 d6 2. d4 Nf6 3. Bd3 e5 4. dxe5 dxe5 5. Nf3 c6 6. h3 Be7 7. O-O Qc7 8. a4 O-O 9. Be3 h6 10. Nbd2 Be6 11. c3 Nbd7 12. Qe2 Rfd8 13. Bc4 Bxc4 14. Qxc4 Nf8 15. Rfd1 Ne6 16. Nf1 Rxd1 17. Rxd1 b6 18. Ng3 Bf8 19. Re1 g6 20. b4 Rd8 21. Rc1 Nd7 22. Nf1 Qb7 23. N1d2 a6 24. Qa2 b5 25. axb5 cxb5 26. Ra1 Ra8 27. Qb3 Qc6 28. c4 bxc4 29. Nxc4 Qxe4 30. Rd1 Rc8 31. Nd6 Bxd6 32. Rxd6 Nf6 33. Rxe6 Nd5 34. Rxe5 Qc4 35. Qxc4 Rxc4 36. Rxd5 Rxb4 37. Ra5 Rb1+ 38. Kh2 1-0


[Site "https://www.chess.com"]

[Event "Titled Tuesday Blitz August 08 Late 2023"]
[White "Tologon tegin, Semetei"]
[Black "Aronian, Levon"]
[WhiteFideId "13800574"]
[BlackFideId "13300474"]
[WhiteElo "2616"]
[BlackElo "3048"]
[Result "0-1"]
[Round "2"]
[TimeControl "180+1"]
[Date "2023.08.08"]
[WhiteClock "0:00:00"]
[BlackClock "0:00:45"]
[Board "6"]

1. e4 c5 2. Nf3 e6 3. d4 cxd4 4. Nxd4 Nc6 5. Nc3 Qc7 6. g3 a6 7. Bg2 Nf6 8. O-O Nxd4 9. Qxd4 Bc5 10. Bf4 d6 11. Qd3 h6 12. Rad1 e5 13. Be3 Bxe3 14. fxe3 Be6 15. Qxd6 Qxd6 16. Rxd6 Rc8 17. Rf2 Rxc3 18. bxc3 Nd7 19. Rfd2 Ke7 20. Bf1 Rc8 21. c4 Rc7 22. c3 Nc5 23. Rb6 Bd7 24. Rd5 f6 25. h4 Na4 26. Rb3 Bc6 27. Ra5 Be8 28. Kf2 Bd7 29. Kf3 Kd8 30. g4 g5 31. hxg5 hxg5 32. c5 Nxc5 33. Rxc5 Rxc5 34. Rxb7 a5 35. Ra7 Ke7 36. c4 Kd6 37. Ra6+ Bc6 38. Bd3 Kc7 39. Ra7+ Bb7 40. Ke2 Kb6 41. Rxb7+ Kxb7 42. Kd2 Kb6 43. Kc3 Rc8 44. Be2 Kc5 45. Bd1 Rh8 46. Ba4 Rh3 47. Kd3 Rh2 48. a3 Ra2 49. Bd7 Rxa3+ 0-1


[Site "https://www.chess.com"]

[Event "Titled Tuesday Blitz August 08 Late 2023"]
[White "Paravyan, David"]
[Black "Goldin, Alexander"]
[WhiteFideId "4194985"]
[BlackFideId "2019540"]
[WhiteElo "3034"]
[BlackElo "2615"]
[Result "1-0"]
[Round "2"]
[TimeControl "180+1"]
[Date "2023.08.08"]
[WhiteClock "0:02:30"]
[BlackClock "0:00:21"]
[Board "7"]

1. e4 e5 2. Nf3 Nc6 3. Nc3 Nf6 4. d4 exd4 5. Nxd4 Bb4 6. Nxc6 bxc6 7. Bd3 O-O 8. O-O d5 9. exd5 cxd5 10. h3 c6 11. Qf3 Rb8 12. Bf4 Bd6 13. b3 Rb4 14. Ne2 Bxf4 15. Nxf4 Qd6 16. c4 a5 17. Rad1 Be6 18. Rfe1 a4 19. Bc2 axb3 20. axb3 Rbb8 21. Qg3 Qd7 22. Re5 Rfe8 23. Rg5 g6 24. h4 Re7 25. Nxe6 Qxe6 26. Qxb8+ 1-0


[Site "https://www.chess.com"]

[Event "Titled Tuesday Blitz August 08 Late 2023"]
[White "Hilary46"]
[Black "Andreikin, Dmitry"]
[BlackFideId "4158814"]
[WhiteElo "2614"]
[BlackElo "3018"]
[Result "0-1"]
[Round "2"]
[TimeControl "180+1"]
[Date "2023.08.08"]
[WhiteClock "0:00:07"]
[BlackClock "0:01:43"]
[Board "8"]

1. e4 c5 2. Nf3 e6 3. d4 cxd4 4. Nxd4 Nc6 5. Nc3 a6 6. Be3 Nf6 7. Nxc6 bxc6 8. e5 Nd5 9. Nxd5 cxd5 10. Bd4 Be7 11. Qd2 O-O 12. Bd3 a5 13. O-O Ba6 14. Bxa6 Rxa6 15. a4 Qc7 16. Rfc1 Rb8 17. b3 Rc6 18. h3 h6 19. Qd3 Bg5 20. Rf1 Rxc2 21. f4 Be7 22. f5 Bc5 23. Kh1 Bxd4 24. Qxd4 Rxb3 25. f6 Qc4 26. Qd1 Qe4 27. Qg4 Qxg4 28. hxg4 Rg3 29. Rfc1 Rgxg2 30. Rxc2 Rxc2 31. Rb1 gxf6 32. exf6 Rc4 33. Rb7 Rxa4 34. Rxd7 Rxg4 35. Kh2 Rg6 36. Ra7 Rxf6 37. Kg3 Rg6+ 38. Kf4 Rf6+ 39. Ke5 Rf5+ 40. Kd6 h5 41. Rxa5 d4 42. Ra1 Kf8 43. Ra8+ Kg7 44. Ke7 d3 45. Ra1 d2 46. Rg1+ Kh6 47. Kf8 h4 48. Ke7 Rd5 49. Rd1 Kg6 0-1


[Site "https://www.chess.com"]

[Event "Titled Tuesday Blitz August 08 Late 2023"]
[White "Mamedov, Rauf"]
[Black "Golubev, Mikhail"]
[WhiteFideId "13401653"]
[BlackFideId "14100983"]
[WhiteElo "3013"]
[BlackElo "2614"]
[Result "1-0"]
[Round "2"]
[TimeControl "180+1"]
[Date "2023.08.08"]
[WhiteClock "0:02:45"]
[BlackClock "0:01:01"]
[Board "9"]

1. e4 c5 2. Nf3 d6 3. Nc3 Nc6 4. g3 g6 5. Bg2 Bg7 6. O-O Nf6 7. Re1 e5 8. d3 h6 9. a3 O-O 10. b4 cxb4 11. axb4 Nxb4 12. Ba3 Nc6 13. Nd2 Re8 14. Nb5 Bf8 15. Nc4 d5 16. exd5 Bxa3 17. dxc6 bxc6 18. Nbxa3 Bg4 19. Qd2 Kh7 20. Nxe5 Rxe5 21. Rxe5 1-0


[Site "https://www.chess.com"]

[Event "Titled Tuesday Blitz August 08 Late 2023"]
[White "Kramnik, Vladimir"]
[Black "Di Berardino, Diego Rafael"]
[WhiteFideId "4101588"]
[BlackFideId "2105446"]
[WhiteElo "2980"]
[BlackElo "2612"]
[Result "1/2-1/2"]
[Round "2"]
[TimeControl "180+1"]
[Date "2023.08.08"]
[WhiteClock "0:00:08"]
[BlackClock "0:00:03"]
[Board "10"]

1. e4 c5 2. Nf3 b6 3. d4 cxd4 4. Nxd4 Bb7 5. Nc3 Nf6 6. e5 Nd5 7. Nxd5 Bxd5 8. Bf4 e6 9. Qd2 Nc6 10. Nb5 a6 11. Nc3 Bb4 12. Bd3 O-O 13. O-O Rc8 14. Bxa6 Rc7 15. Bd3 Ne7 16. Bg5 Qe8 17. Bxe7 Bxc3 18. Bxh7+ Kxh7 19. Qd3+ Kg8 20. Bxf8 Bxb2 21. Bd6 Rc3 22. Qd2 Bxa1 23. Rxa1 Qc8 24. h4 Rxc2 25. Qg5 Qc3 26. Rf1 Qd2 27. Qd8+ Kh7 28. Qxd7 Bc4 29. Qxf7 Bxf1 30. Bf8 Qh6 31. Bxg7 Qxg7 32. Qh5+ Kg8 33. Qe8+ Kh7 34. Qh5+ Kg8 35. Qe8+ Qf8 36. Qg6+ Qg7 37. Qe8+ 1/2-1/2


[Site "https://www.chess.com"]

[Event "Titled Tuesday Blitz August 08 Late 2023"]
[White "Zarubitski, Viachaslau"]
[Black "Xiong, Jeffery"]
[WhiteFideId "13509373"]
[BlackFideId "2047640"]
[WhiteElo "2611"]
[BlackElo "2973"]
[Result "0-1"]
[Round "2"]
[TimeControl "180+1"]
[Date "2023.08.08"]
[WhiteClock "0:00:02"]
[BlackClock "0:00:52"]
[Board "11"]

1. e4 e6 2. d3 c5 3. Nf3 Nc6 4. g3 g6 5. Bg2 Bg7 6. O-O Nge7 7. Re1 O-O 8. c3 d5 9. Na3 b6 10. e5 Ba6 11. h4 h6 12. Bf4 Nf5 13. Qd2 Rc8 14. Nc2 d4 15. c4 Bb7 16. b4 Nxb4 17. Nxb4 cxb4 18. Qxb4 Qd7 19. a4 Bc6 20. a5 Qb7 21. axb6 axb6 22. Re4 Bxe4 23. dxe4 Qxe4 24. Re1 Qd3 25. g4 Rxc4 26. Qxb6 Ne7 27. Nd2 Rcc8 28. Qd6 Rfe8 29. Be4 Qc3 30. Rb1 Rcd8 31. Qb6 Nd5 32. Bxd5 Rxd5 33. Rb3 Qc2 34. Qb5 Rxb5 35. Rxb5 Qd1+ 0-1


[Site "https://www.chess.com"]

[Event "Titled Tuesday Blitz August 08 Late 2023"]
[White "Sjugirov, Sanan"]
[Black "Bagrationi, Alexander"]
[WhiteFideId "4189302"]
[BlackFideId "14104954"]
[WhiteElo "2958"]
[BlackElo "2608"]
[Result "1-0"]
[Round "2"]
[TimeControl "180+1"]
[Date "2023.08.08"]
[WhiteClock "0:00:49"]
[BlackClock "0:00:10"]
[Board "12"]

1. e4 e5 2. Nf3 Nf6 3. Nxe5 d6 4. Nf3 Nxe4 5. Nc3 Nxc3 6. dxc3 Nd7 7. Bf4 Be7 8. Qd2 O-O 9. O-O-O Nc5 10. Bc4 Be6 11. Bxe6 Nxe6 12. Be3 Bf6 13. h4 Qd7 14. Qd5 Qc6 15. Qf5 a5 16. Ng5 Rfe8 17. Qxh7+ Kf8 18. Qf5 Qc4 19. Kb1 a4 20. Nh7+ Ke7 21. Nxf6 gxf6 22. Bd4 c5 23. Bxf6+ Kd7 24. h5 Ra6 25. h6 Rb6 26. h7 Kc7 27. h8=Q Rxh8 28. Bxh8 Nf4 29. Rhe1 Qb5 30. Qxf7+ Kb8 31. Qe8+ Qxe8 32. Rxe8+ Ka7 33. g3 Ng6 34. Bf6 d5 35. Bg5 d4 36. cxd4 cxd4 37. Rxd4 Rc6 38. Rxa4+ Kb6 39. Be3+ Kb5 40. Ree4 Rf6 41. Reb4+ Kc6 42. Rb6+ Kd5 43. Rxf6 Ne5 44. Ra5+ Ke4 45. Rf4# 1-0


[Site "https://www.chess.com"]

[Event "Titled Tuesday Blitz August 08 Late 2023"]
[White "Altman, Joshua"]
[Black "He, Anthony"]
[WhiteFideId "426210"]
[BlackFideId "2088215"]
[WhiteElo "2607"]
[BlackElo "2953"]
[Result "0-1"]
[Round "2"]
[TimeControl "180+1"]
[Date "2023.08.08"]
[WhiteClock "0:00:13"]
[BlackClock "0:00:35"]
[Board "13"]

1. d4 Nf6 2. c4 g6 3. Nc3 d5 4. Bg5 Ne4 5. Bh4 Nxc3 6. bxc3 dxc4 7. e3 Be6 8. Rb1 b6 9. Nf3 Bg7 10. Be2 O-O 11. Nd2 c5 12. Nxc4 Nc6 13. O-O cxd4 14. cxd4 Rc8 15. Rc1 Qd7 16. h3 Rfd8 17. Qd2 Bd5 18. Rfd1 Qb7 19. Bf1 Rd7 20. Bg3 Be4 21. Qe1 Rcd8 22. Nd2 Bd5 23. Bc4 e5 24. Bxd5 Rxd5 25. dxe5 Bxe5 26. Ne4 Bg7 27. Rxd5 Rxd5 28. Nd6 Qd7 29. Ne4 h5 30. Qe2 Ne5 31. Bxe5 Bxe5 32. Qf3 Kg7 33. g3 Qxh3 34. Qxf7+ Kxf7 35. Ng5+ Ke7 36. Nxh3 Rd2 37. Nf4 Bxf4 38. exf4 Rxa2 39. Rc6 Kf7 40. Kg2 b5 41. Kh3 b4 42. f3 b3 43. Rc7+ Kf6 44. Rb7 b2 45. g4 a5 46. Rb6+ Ke7 47. gxh5 gxh5 48. Kh4 a4 49. Kxh5 a3 50. Kg6 Ra1 51. Rb7+ Kd6 52. f5 b1=Q 53. Rxb1 Rxb1 54. f6 a2 0-1


[Site "https://www.chess.com"]

[Event "Titled Tuesday Blitz August 08 Late 2023"]
[White "Iturrizaga Bonelli, Eduardo"]
[Black "Colbow, Collin"]
[WhiteFideId "3901211"]
[BlackFideId "16201132"]
[WhiteElo "2950"]
[BlackElo "2604"]
[Result "1-0"]
[Round "2"]
[TimeControl "180+1"]
[Date "2023.08.08"]
[WhiteClock "0:02:29"]
[BlackClock "0:00:51"]
[Board "14"]

1. c4 Nf6 2. g3 g6 3. Bg2 Bg7 4. Nc3 O-O 5. d4 c6 6. e4 d6 7. Nf3 Nbd7 8. O-O Qc7 9. h3 e5 10. Be3 exd4 11. Nxd4 Nc5 12. Nb3 b6 13. Nxc5 dxc5 14. Bf4 Qb7 15. Qc1 Be6 16. b3 Rfd8 17. Bh6 Nd7 18. Bxg7 Kxg7 19. f4 f5 20. exf5 Bxf5 21. g4 Be6 22. f5 Bg8 23. Ne4 Rf8 24. Qc3+ Kf7 25. Nd6+ 1-0


[Site "https://www.chess.com"]

[Event "Titled Tuesday Blitz August 08 Late 2023"]
[White "Richter, Nils"]
[Black "Nguyen, Ngoc Truong Son"]
[WhiteFideId "12990809"]
[BlackFideId "12401110"]
[WhiteElo "2602"]
[BlackElo "2948"]
[Result "0-1"]
[Round "2"]
[TimeControl "180+1"]
[Date "2023.08.08"]
[WhiteClock "0:00:00"]
[BlackClock "0:00:41"]
[Board "15"]

1. d4 Nf6 2. c4 g6 3. Nc3 Bg7 4. e4 d6 5. h3 Na6 6. Be3 O-O 7. g4 e5 8. d5 Nc5 9. f3 c6 10. Qd2 b5 11. dxc6 bxc4 12. Bxc4 Be6 13. Bxe6 Nxe6 14. O-O-O Rc8 15. Qxd6 Qa5 16. Nge2 Rfd8 17. Qa3 Qxa3 18. bxa3 a6 19. Rxd8+ Nxd8 20. Rd1 Nxc6 21. Kb1 Bf8 22. Bg5 Ne8 23. Nd5 Bxa3 24. Rd3 Rb8+ 25. Rb3 Rxb3+ 26. axb3 Kg7 27. h4 f6 28. Be3 Nd6 29. Ka2 Nb5 30. h5 Nb4+ 31. Nxb4 Bxb4 32. Kb2 Kf7 33. Kc2 Ke6 34. Kd3 Nd6 35. Ng3 Be1 36. Ne2 gxh5 37. gxh5 f5 38. Bc5 Nf7 39. f4 exf4 40. Nd4+ Kf6 41. exf5 Bf2 42. Ke4 Bxd4 43. Bxd4+ Kg5 44. Bc5 Kg4 45. Bf2 Nd6+ 46. Ke5 Nxf5 47. Kf6 Ng3 48. h6 Ne4+ 49. Kg7 Nxf2 50. Kxh7 Ne4 0-1


[Site "https://www.chess.com"]

[Event "Titled Tuesday Blitz August 08 Late 2023"]
[White "Suleymanli, Aydin"]
[Black "Vaibhav Jayant Raut"]
[WhiteFideId "13413937"]
[BlackFideId "5089034"]
[WhiteElo "2943"]
[BlackElo "2598"]
[Result "1-0"]
[Round "2"]
[TimeControl "180+1"]
[Date "2023.08.08"]
[WhiteClock "0:00:14"]
[BlackClock "0:00:00"]
[Board "16"]

1. e4 e5 2. Nf3 Nc6 3. Bc4 Bc5 4. d3 h6 5. g4 d6 6. h3 Nf6 7. Nbd2 Na5 8. Bb3 Nxb3 9. axb3 c6 10. c3 Bb6 11. Nf1 d5 12. Qe2 dxe4 13. dxe4 Be6 14. c4 Nd7 15. Be3 Qe7 16. Bxb6 Qb4+ 17. Qd2 Qxb6 18. Qc3 f6 19. N3d2 Nf8 20. Ne3 Ng6 21. c5 Qc7 22. Nf5 O-O 23. Nc4 Nf4 24. Ncd6 Kh7 25. b4 g6 26. Ng3 b6 27. Ne2 Nxe2 28. Kxe2 bxc5 29. bxc5 Rab8 30. b4 Qg7 31. Rhg1 h5 32. gxh5 g5 33. Ra3 Qh6 34. Rxa7+ Kh8 35. Rg3 Qxh5+ 36. Ke1 Ra8 37. Qa3 Rab8 38. Qa5 Rbd8 39. Qc7 Rd7 40. Qb6 Qh7 41. Rxd7 Qxd7 42. b5 cxb5 43. Ra3 Qh7 44. Ra7 Qxh3 45. Qc7 Qc3+ 46. Kf1 Qh3+ 47. Ke2 Qg4+ 48. Kd2 Qf4+ 49. Kc3 Qf3+ 50. Kb4 Qb3+ 51. Ka5 Bf7 52. Nxf7+ Rxf7 53. Qxf7 Qa3+ 54. Kb6 Qxa7+ 55. Qxa7 1-0


[Site "https://www.chess.com"]

[Event "Titled Tuesday Blitz August 08 Late 2023"]
[White "Principe, Gerson"]
[Black "Shimanov, Aleksandr"]
[WhiteFideId "3804550"]
[BlackFideId "4198603"]
[WhiteElo "2587"]
[BlackElo "2921"]
[Result "0-1"]
[Round "2"]
[TimeControl "180+1"]
[Date "2023.08.08"]
[WhiteClock "0:00:00"]
[BlackClock "0:01:07"]
[Board "18"]

1. Nf3 d5 2. d4 Bf5 3. c4 e6 4. Qb3 b6 5. cxd5 exd5 6. Nc3 c6 7. Bg5 Be7 8. Bxe7 Nxe7 9. e3 Nd7 10. Be2 O-O 11. O-O h6 12. Rfd1 Re8 13. Rac1 a5 14. a4 Qb8 15. Nb1 Qd6 16. h3 Rab8 17. Bd3 Bxd3 18. Qxd3 c5 19. dxc5 bxc5 20. Nc3 Nf6 21. Nb5 Qb6 22. Ne5 Red8 23. Rc2 Rbc8 24. Rdc1 Ne4 25. Nf3 Nc6 26. Re2 Nb4 27. Qd1 Qf6 28. Qb3 c4 29. Qd1 Nd3 30. Rcc2 g5 31. Nfd4 Re8 32. Nc3 Nxc3 33. Rxc3 Nc5 34. b3 Ne4 35. Rc1 c3 36. Rec2 Qe5 37. Nb5 Rc6 38. Qd4 Qf5 39. Na7 Rf6 40. f3 Ng3 41. Nb5 Rfe6 42. e4 dxe4 43. Nxc3 exf3 0-1


[Site "https://www.chess.com"]